 Dungeon Crawl Stone Soup version 0.28-a0-906-g0406aca7d3 (webtiles) character file.

Game seed: 8447036699041163017

1449 siradein the Cleaver (level 8, -3/74 HPs)
             Began as a Hill Orc Fighter on Nov 24, 2021.
             Slain by a steam dragon (4 damage)
             ... on level 7 of the Dungeon.
             The game lasted 00:11:55 (7383 turns).

siradein the Cleaver (Hill Orc Fighter)             Turns: 7383, Time: 00:11:55

Health: -3/74      AC: 12    Str: 20    XL:     8   Next: 75%
Magic:  8/8        EV:  7    Int:  8    God:
Gold:   274        SH:  4    Dex: 11    Spells: 7/7 levels left

rFire   . . .      SeeInvis .   a - +0 war axe
rCold   + . .      Faith    +   c - +0 buckler
rNeg    . . .      Spirit   .   B - +0 chain mail
rPois   .          Reflect  .   s - +0 helmet
rElec   .          Harm     .   (no cloak)
rCorr   .          Rampage  .   (no gloves)
Will    .....                   (no boots)
Stlth   ..........              b - amulet of Filang {Faith rC+ Slay+3}
HPRegen 0.22/turn               (no ring)
MPRegen 0.11/turn               (no ring)

@: no status effects
A: no striking features
a: no special abilities


You were on level 7 of the Dungeon.
You visited 2 branches of the dungeon, and saw 8 of its levels.

You collected 274 gold pieces.

Inventory:

Hand Weapons
 a - a +0 war axe (weapon)
 y - a +0 shortbow
Missiles
 m - 40 poisoned darts (quivered)
 z - 39 arrows
Armour
 c - a +0 buckler (worn)
 s - a +0 helmet (worn)
 B - a +0 chain mail (worn)
Jewellery
 b - the amulet of Filang (around neck) {Faith rC+ Slay+3}
   (You acquired it on level 6 of the Dungeon)

   [amulet of faith]

   It allows you to gain divine favour quickly.
   Slay:      It affects your accuracy & damage with ranged weapons and melee
   (+3).
   rC:        It protects you from cold.
 p - a +6 ring of intelligence
 t - a ring of wizardry
Wands
 u - a wand of mindburst (49)
 w - a wand of flame (18)
 A - a wand of iceblast (11)
Scrolls
 l - 2 scrolls of enchant armour {unknown}
 v - a scroll of torment {unknown}
 x - 2 scrolls of teleportation {unknown}
 C - a scroll of amnesia {unknown}
Potions
 d - a potion of might
 e - 4 potions of curing
 i - a potion of cancellation {unknown}
 j - a potion of mutation {unknown}
 k - a potion of haste {unknown}
 n - 4 potions of heal wounds {unknown}
 o - a potion of degeneration {unknown}
 q - a potion of invisibility {unknown}
 r - a potion of flight {unknown}


   Skills:
 + Level 8.1 Fighting
 + Level 8.4 Axes
 + Level 7.4 Armour
 - Level 3.2 Shields


You had 7 spell levels left.
You didn't know any spells.
Your spell library contained the following spells:

 Spells                   Type           Power      Damage    Failure   Level
 Summon Forest            Summ/Tloc      0%         N/A       100%        5
 Summon Mana Viper        Hex/Summ       0%         N/A       100%        5
 Summon Cactus Giant      Summ           0%         N/A       100%        6


Dungeon Overview and Level Annotations

Branches:
Dungeon (7/15)             Temple (1/1) D:5

Altars:
Ashenzari
Dithmenos
Fedhas
Gozag
Hepliaklqana
Kikubaaqudgha
Makhleb
Qazlal
Trog
Uskayaw
Vehumet
Wu Jian
Xom
Yredelemnul
Zin
The Shining One


Message History

You are engulfed in a cloud of scalding steam.
The steam dragon breathes steam at you. The ball of steam hits you!
You are too injured to fight recklessly!
You block the steam dragon's attack. The steam dragon barely misses you.
You hit the steam dragon but do no damage.
The steam dragon is moderately wounded.
You block the steam dragon's attack. The steam dragon completely misses you.
You hit the steam dragon.
The steam dragon is heavily wounded.
The steam dragon bites you. You block the steam dragon's attack.
You closely miss the steam dragon.
The steam dragon is heavily wounded.
The steam dragon breathes steam at you. The ball of steam hits you.
You barely miss the steam dragon.
The steam dragon is heavily wounded.
You are engulfed in a cloud of scalding steam.
The steam dragon bites you but does no damage.
The steam dragon claws you but does no damage.
You slash the steam dragon!
The steam dragon is almost dead.
You are engulfed in a cloud of scalding steam.
The steam dragon bites you.
* * * LOW HITPOINT WARNING * * *
The steam dragon barely misses you.
You closely miss the steam dragon.
The steam dragon is almost dead.
The steam dragon breathes steam at you. The ball of steam hits you!
* * * LOW HITPOINT WARNING * * *
The steam dragon bites you.
* * * LOW HITPOINT WARNING * * *
The steam dragon barely misses you.
You hit the steam dragon but do no damage.
The steam dragon is almost dead.
You are engulfed in a cloud of scalding steam.
* * * LOW HITPOINT WARNING * * *
The steam dragon barely misses you. The steam dragon claws you.
You die...

...>........#
.........############
..............(.....#
#####...............#
#...............#
###...............#
###.................#
...[<........[§§....#
###.........§.§§@D..#
#..........§§...?.#
#.................#
######............#
#############


You could see a steam dragon (catching breath).

Vanquished Creatures
  A sky beast (D:6)
  An ice beast (D:7)
  A necrophage (D:4)
  A centaur (D:5)
  2 ogres
  2 phantoms (D:6)
  A bullfrog (D:6)
  A scorpion (D:6)
  A water moccasin zombie (D:5)
  A howler monkey (D:3)
  A centaur zombie (D:7)
  A bullfrog zombie (D:6)
  3 jellies
  2 bullfrog skeletons
  A hound (D:6)
  2 centaur skeletons
  An iguana (D:5)
  2 orc wizards
  3 gnolls (D:2)
  6 adders
  A white imp (D:6)
  An ufetubus (D:7)
  A worm (D:2)
  3 dart slugs
  12 orcs
  8 ball pythons
  10 endoplasms
  2 giant cockroaches (D:3)
  10 hobgoblins
  10 kobolds
  2 quokkas
  4 bats
  4 frilled lizards
  5 goblins
  3 rats
110 creatures vanquished.

Notes
Turn   | Place    | Note
-------+----------+-------------------------------------------
     0 | D:1      | siradein the Hill Orc Fighter began the quest for the Orb.
     0 | D:1      | Reached XP level 1. HP: 19/19 MP: 1/1
   207 | D:1      | Reached XP level 2. HP: 26/27 MP: 2/2
   635 | D:1      | Found a faded altar of an unknown god.
   729 | D:1      | Reached XP level 3. HP: 31/33 MP: 3/3
  1503 | D:2      | Reached XP level 4. HP: 29/41 MP: 4/4
  2403 | D:3      | Reached XP level 5. HP: 38/47 MP: 5/5
  2835 | D:3      | Reached skill level 5 in Fighting
  3248 | D:4      | Reached skill level 5 in Axes
  3271 | D:4      | Reached XP level 6. HP: 56/56 MP: 6/6
  3383 | D:4      | Found a burning altar of Makhleb.
  3385 | D:4      | Noticed a necrophage
  3397 | D:4      | Killed a necrophage
  3398 | D:4      | Reached skill level 5 in Armour
  3742 | D:5      | Entered Level 5 of the Dungeon
  3956 | D:5      | Reached XP level 7. HP: 37/63 MP: 7/7
  4246 | D:5      | Found a staircase to the Ecumenical Temple.
  4428 | Temple   | Entered the Ecumenical Temple
  5954 | D:6      | Reached XP level 8. HP: 35/73 MP: 8/8
  7239 | D:6      | Identified a scroll of acquirement
  7239 | D:6      | Acquired the amulet of Filang {Faith rC+ Slay+3}
  7382 | D:7      | HP: 2/74 [steam dragon (3)]
  7383 | D:7      | Slain by a steam dragon

Illustrated notes

Levels and vault maps discovered:
D:1:      dpeg_arrival_castle, layout_rooms, hellmonk_ecumenical_altar_lost_god,
          corexii_hall_statues_x, minmay_misc_feat_roman, minmay_tromino_v7
D:2:      layout_basic, minmay_box_of_dots
D:3:      minmay_inner_zag, layout_rooms, kennysheep_small_spiral,
          minmay_quadrilaterals
D:4:      layout_loops_ring, mainiacjoe_overflow_small_starburst
D:5:      layout_cave_pods, temple_statues, lemuel_old_faithful
D:6:      layout_basic
D:7:      layout_basic
Temple:   regret_index_temple_waves

Skill      XL: |  1  2  3  4  5  6  7  8 |
---------------+-------------------------+-----
Axes           | 3 4 5 7 8 |  8.4
Fighting       | 4 5 6 7 8 |  8.1
Armour         | 4 5 6 7 |  7.4
Shields        | |  3.2

Action                   |  1- 3 |  4- 6 |  7- 9 || total
-------------------------+-------+-------+-------++-------
Melee: War axe           |   107 |   111 |   165 ||   383
  Use: Scroll            |       |       |     4 ||     4
Armor: Scale mail        |    65 |    58 |    50 ||   173
       Chain mail        |       |       |    25 ||    25
Dodge: Dodged            |    40 |    48 |    85 ||   173
Block: Buckler           |    13 |    28 |    35 ||    76

Table legend: (Time is in decaauts)
 A = Elapsed time spent in this place.
 B = Non-inter-level travel time spent in this place.
 C = Inter-level travel time spent in this place.
 D = Time resting spent in this place.
 E = Time spent auto-exploring this place.
 F = Levels seen in this place.
 G = Mean time per level.
                   A        B        C        D        E       F      G
               +--------+--------+--------+--------+--------+-----+--------+
         Total |   7490 |   7304 |    186 |   1370 |   4946 |   8 |  936.2 |
       Dungeon |   7387 |   7215 |    172 |   1370 |   4869 |   7 | 1055.3 |
        Temple |    102 |     88 |     14 |      0 |     77 |   1 |  102.0 |
               +--------+--------+--------+--------+--------+-----+--------+

Top non-repeatable levels by time:
     D:5: 1525 daAuts
     D:4: 1313 daAuts
     D:2: 1310 daAuts
     D:6: 1187 daAuts
     D:3: 976 daAuts
     D:1: 970 daAuts
     D:7: 104 daAuts
  Temple: 102 daAuts
